 Dungeon Crawl Stone Soup version 0.19.0-18-g426998a (webtiles) character file.

515 Ladykiller69 the Ruffian (level 7, -3/67 HPs)
             Began as a Troll Fighter on Nov 11, 2016.
             Was a Follower of Okawaru.
             Killed by divine providence
             ... invoked by an orc priest
              (15 damage)
             ... on level 4 of the Dungeon.
             The game lasted 00:10:18 (1786 turns).

Ladykiller69 the Ruffian (Troll Fighter)            Turns: 1786, Time: 00:10:19

Health: -3/67      AC:  5    Str: 25    XL:     7   Next: 0%
Magic:  6/6        EV:  9    Int:  4    God:    Okawaru [*.....]
Gold:   155        SH: 14    Dex: 15    Spells: 0 memorised, 6 levels left

rFire  . . .     SeeInvis .       - Unarmed
rCold  . . .     Gourm    +     a - +0 robe
rNeg   . . .     Faith    .     b - +0 shield
rPois  .         Spirit   .     (helmet restricted)
rElec  .         Reflect  +     (no cloak)
rCorr  .         Harm     .     (gloves unavailable)
MR     .....                    (boots unavailable)
Stlth  +.........               r - +4 amulet of reflection
                                (no ring)
                                l - +4 ring of dexterity

@: no status effects
A: unfitting armour, claws 3, fast metabolism 3, gourmand, regeneration 1,
shaggy fur 1, tough skin 2
a: Heroism, Renounce Religion


You were on level 4 of the Dungeon.
You worshipped Okawaru.
Okawaru was aware of your devotion.
You were very full.

You visited 2 branches of the dungeon, and saw 7 of its levels.

You collected 155 gold pieces.

Inventory:

Missiles
 p - 41 stones (quivered)
Armour
 a - a +0 robe (worn)
 b - a +0 shield (worn)
Jewellery
 l - a +4 ring of dexterity (left claw)
 r - a +4 amulet of reflection (around neck)
 u - a cursed ring of teleportation {unknown}
Scrolls
 e - 2 scrolls of fear {unknown}
 f - a scroll of magic mapping {unknown}
 m - 3 scrolls of identify {unknown}
 o - a scroll of noise {unknown}
 t - a scroll of enchant armour {unknown}
 v - 2 scrolls of remove curse {unknown}
Potions
 c - 2 potions of might
 h - 4 potions of curing {unknown}
 j - a potion of degeneration {unknown}
 k - a potion of agility
 q - a potion of ambrosia {unknown}
 s - a potion of lignification {unknown}
Comestibles
 d - 2 bread rations
 g - 2 beef jerkies
 i - a meat ration
 n - a royal jelly


   Skills:
 - Level 3.0 Fighting
 - Level 3.0 Dodging
 - Level 0.1 Stealth
 + Level 3.8 Shields
 + Level 5.8 Unarmed Combat


You had 6 spell levels left.
You didn't know any spells.

Dungeon Overview and Level Annotations

Branches:
Dungeon (6/15)             Temple (1/1) D:6

Altars:
Okawaru
Ru
Zin


Innate Abilities, Weirdness & Mutations

You are too large for most types of armour.
You have claws for hands.
Your metabolism is lightning-fast.
You like to eat raw meat.
Your natural rate of healing is unusually fast.
You are covered in fur. (AC +1)
You have very tough skin. (AC +2)


Message History

You claw the orc priest!
The orc priest is severely wounded.
The orc priest mumbles some strange prayers to Beogh against you.
Pain shoots through your body!
* * * LOW HITPOINT WARNING * * *
You are too injured to fight recklessly!
You are too injured to fight recklessly!
You claw the orc priest!
You kill the orc priest!
Okawaru accepts your kill.
You have reached level 7!
The orc priest invokes the aid of Beogh against you.
Pain shoots through your body!
* * * LOW HITPOINT WARNING * * *
Okay, then.
You scratch the orc priest but do no damage.
The orc priest closely misses you.
The orc priest mumbles some strange prayers to Beogh against you.
Beogh smites you!
You die...

#... #o..o.o.o #..# #)#
# #..# #o# .## #..#
#####)##...### #..#
#....#........
.#####..###.###.##...###
...............o.....#
#######.#######o###..###
...# #.# #.@.......
##.####.# ######.###
........# ##.####.#
........# .#.####.# .#.#
#.# รท#.. #.. .#### ###


You could see 2 orc priests.

Vanquished Creatures
  A phantom (D:6)
  The ghost of Nordron the Sneak, an amateur SpMo (D:4)
  A bullfrog (D:6)
  A crimson imp (D:5)
  A hound (D:4)
  An orc priest (D:4)
  Natasha (D:4)
  A worker ant (D:6)
  A hound skeleton (D:5)
  3 adders (D:2)
  A shadow imp (D:5)
  3 worms (D:2)
  4 dart slugs
  4 leopard geckos
  2 orcs (D:4)
  2 ball pythons (D:2)
  2 giant cockroaches
  5 goblins
  8 hobgoblins
  17 jackals
  10 kobolds
  A quokka (D:6)
  8 bats
  2 frilled lizards
  A quokka skeleton (D:6)
  6 rats
88 creatures vanquished.

Notes
Turn   | Place    | Note
-------+----------+-------------------------------------------
     0 | D:1      | Ladykiller69 the Troll Fighter began the quest for the Orb.
     0 | D:1      | Reached XP level 1. HP: 22/22 MP: 0/0
   182 | D:1      | Reached XP level 2. HP: 29/29 MP: 1/1
   467 | D:1      | Reached XP level 3. HP: 36/36 MP: 2/2
   603 | D:2      | Found a sacrificial altar of Ru.
   619 | D:2      | Reached skill level 3 in Unarmed Combat
   720 | D:2      | Reached XP level 4. HP: 44/44 MP: 3/3
   989 | D:2      | Reached skill level 4 in Unarmed Combat
  1153 | D:3      | You fall through a shaft for 3 floors!
  1153 | D:6      | Found a staircase to the Ecumenical Temple.
  1156 | Temple   | Entered the Ecumenical Temple
  1175 | Temple   | Became a worshipper of Warmaster Okawaru
  1197 | D:6      | Noticed a bullfrog
  1204 | D:6      | Killed a bullfrog
  1204 | D:6      | Reached XP level 5. HP: 45/50 MP: 4/4
  1279 | D:6      | Noticed a phantom
  1293 | D:6      | Killed a phantom
  1293 | D:6      | Reached * piety under Okawaru
  1293 | D:6      | Reached skill level 5 in Unarmed Combat
  1293 | D:6      | Reached XP level 6. HP: 56/59 MP: 5/5
  1370 | D:5      | Entered Level 5 of the Dungeon
  1512 | D:4      | Noticed Nordron's ghost (amateur SpMo)
  1571 | D:4      | Killed Nordron's ghost
  1684 | D:4      | Noticed Natasha
  1701 | D:4      | Killed Natasha
  1784 | D:4      | Reached XP level 7. HP: 20/67 MP: 6/6
  1786 | D:4      | Killed from afar by an orc priest

Skill      XL: |  1  2  3  4  5  6 |
---------------+-------------------+-----
Unarmed Combat | 3 4 5 |  5.8
Dodging        | 3 |  3.0
Shields        | 3 |  3.8
Fighting       | 3 |  3.0
Stealth        | |  0.1

Action                   |  1- 3 |  4- 6 |  7- 9 || total
-------------------------+-------+-------+-------++-------
Melee: Unarmed           |   132 |   208 |     1 ||   341
 Stab: Sleeping          |       |     2 |       ||     2
  Eat: Chunk             |    12 |    10 |       ||    22
Armor: Robe              |    48 |    40 |       ||    88
Dodge: Dodged            |    46 |    60 |     1 ||   107
Block: Shield            |    56 |   111 |       ||   167
       Reflection        |       |     2 |       ||     2
